 Dungeon Crawl Stone Soup version 0.29-a0-333-gb4c28e87c6 (webtiles) character file.

Game seed: 443005555510195816

8 Jortsu the Skirmisher (level 2, 24/24 HPs)
             Began as a Demonspawn Fighter on Apr 13, 2022.
             Was a Follower of Wu Jian.
             Quit the game on level 1 of the Dungeon.
             The game lasted 00:00:21 (279 turns).

Jortsu the Skirmisher (Demonspawn Fighter)           Turns: 279, Time: 00:00:22

Health: 24/24      AC:  6    Str: 16    XL:     2   Next: 0%
Magic:  2/2        EV:  8    Int:  9    God:    Wu Jian [*.....]
Gold:   8          SH:  4    Dex: 12    Spells: 1/1 levels left

rFire   . . .      SeeInvis .   a - +0 war axe
rCold   . . .      Faith    .   c - +0 buckler
rNeg    . . .      Spirit   .   b - +0 scale mail
rPois   .          Reflect  .   (helmet restricted)
rElec   .          Harm     .   (no cloak)
rCorr   .          Rampage  .   (no gloves)
Will    .....                   (no boots)
Stlth   ..........              (no amulet)
HPRegen 0.08/turn               (no ring)
MPRegen 0.08/turn               (no ring)

@: no status effects
A: antennae 1
a: Renounce Religion


You were on level 1 of the Dungeon.
You worshipped Wu Jian.
Wu Jian was aware of your devotion.
You visited 1 branch of the dungeon, and saw 1 of its levels.

You collected 8 gold pieces.

Inventory:

Hand Weapons
 a - a +0 war axe (weapon)
Armour
 b - a +0 scale mail (worn)
 c - a +0 buckler (worn)
Scrolls
 e - 2 scrolls of identify {unknown}
 f - a scroll of fog {unknown}
 g - a scroll of vulnerability {unknown}
Potions
 d - 2 potions of might


   Skills:
 + Level 3.2 Fighting
 + Level 1.9 Axes
 + Level 2.8 Armour
 + Level 2.8 Shields


You had one spell level left.
You didn't know any spells.
Your spell library contained the following spells:

 Spells                   Type           Power      Damage    Failure   Level
 Slow                     Hex            0%         N/A       88%         1


Dungeon Overview and Level Annotations

Branches:
Dungeon (1/15)

Altars:
Wu Jian


Innate Abilities, Weirdness & Mutations

You have a pair of small antennae on your head.


Message History

You see here a +0 mace.
You see here a potion of might.
d - 2 potions of might (gained 1)
The ball python bites you but does no damage.
The ball python barely misses you.
You hit the ball python.
You kill the ball python!
The kobold throws a stone.
The stone hits you.
The kobold throws a stone.
The stone closely misses you.
You see here a ball python corpse.
Found a scroll labelled TYOPLY QAOTAGG.
The kobold completely misses you.
You hit the kobold but do no damage.
The kobold hits you with a +0 short sword.
The kobold hits you but does no damage.
You closely miss the kobold.
The kobold hits you with a +0 short sword.
You barely miss the kobold.
The kobold hits you with a +0 short sword. x2
You hit the kobold.
You kill the kobold!
You have reached level 2!
You feel monstrous as your demonic heritage exerts itself.
Your demonic ancestry asserts itself...
A pair of antennae grows on your head!
Things that are here:
a +0 short sword; 3 stones; a kobold corpse You start resting.
HP restored.
g - a scroll labelled TYOPLY QAOTAGG
Found a yellow potion.
Found Plato's Compendium of Curses.
Found a faded altar of an unknown god.
You pick up Plato's Compendium of Curses and begin reading...
You add the spell Slow to your library.
There is a faded altar of an unknown god here.
You cannot tell which god this altar belongs to.
Convert to them anyway?
Wu Jian accepts your prayer! The Council welcomes you!
You can now perform damaging attacks by moving towards foes.
You can now lightly attack monsters by moving around them.
Are you sure you want to abandon this character and quit the game? (Confirm with "yes".)

####.........####
#......#.#####
#.^##...)#
#.^..#...##
#..##.#..†#
#.^..#.#..#
#..##.#.#)#
#.^.#.#.#.#######
#.^@# #.#.......#
#...#P#P#.......#
#..##.#.#.......#
..#....#.#........#
....^##.#).........
.#...P#.).#......#
#.#..##...#########
..........#
##.###.#..#####


There were no monsters in sight!

Vanquished Creatures
  An endoplasm (D:1)
  2 goblins (D:1)
  A hobgoblin (D:1)
  2 kobolds (D:1)
  A ball python (D:1)
7 creatures vanquished.

Vanquished Creatures (others)
  A fungus (D:1)
  A plant (D:1)
2 creatures vanquished.

Grand Total: 9 creatures vanquished

Notes
Turn   | Place    | Note
-------+----------+-------------------------------------------
     0 | D:1      | Jortsu the Demonspawn Fighter began the quest for the Orb.
     0 | D:1      | Reached XP level 1. HP: 18/18 MP: 1/1
    96 | D:1      | Discovered your monstrous ancestry.
    96 | D:1      | Gained mutation: You have a pair of small antennae on your
                  | head. [demonic ancestry]
    96 | D:1      | Reached XP level 2. HP: 10/24 MP: 2/2
   269 | D:1      | Found a faded altar of an unknown god.
   277 | D:1      | Got Plato's Compendium of Curses
   278 | D:1      | Prayed at the altar of an unknown god.
   278 | D:1      | Became a worshipper of the Wu Jian Council
   278 | D:1      | Reached * piety under Wu Jian
   279 | D:1      | Quit the game

Illustrated notes

Levels and vault maps discovered:
D:1:      psy_arrival_basics, layout_basic, shapermc_ecumenical_altar_rom_forum

Action                   || total
-------------------------++-------
Melee: War axe           ||    17
Armor: Scale mail        ||     6
Dodge: Dodged            ||     9
Block: Buckler           ||     2

Table legend: (Time is in decaauts)
 A = Elapsed time spent in this place.
 B = Non-inter-level travel time spent in this place.
 C = Inter-level travel time spent in this place.
 D = Time resting spent in this place.
 E = Time spent auto-exploring this place.
 F = Levels seen in this place.
 G = Mean time per level.
                   A        B        C        D        E       F      G
               +--------+--------+--------+--------+--------+-----+--------+
         Total |    286 |    286 |      0 |    162 |     62 |   1 |  286.0 |
       Dungeon |    286 |    286 |      0 |    162 |     62 |   1 |  286.0 |
               +--------+--------+--------+--------+--------+-----+--------+

Top non-repeatable levels by time:
     D:1: 286 daAuts
